 Dungeon Crawl Stone Soup version 0.14.1 (webtiles) character file.

140 ProjectEKO the Magician (level 3, -3/24 HPs)
             Began as a Mummy Wizard on Apr 30, 2014.
             Slain by Natasha (5 damage)
             ... on Level 3 of the Dungeon.
             The game lasted 00:03:53 (2148 turns).

ProjectEKO the Magician (Mummy Wizard)              Turns: 2148, Time: 00:03:53

HP  -3/24        AC  2     Str 10      XL: 3   Next: 30%
MP   0/7         EV 12     Int 18      God:
Gold 100         SH  0     Dex 10      Spells:  2 memorised,  4 levels left

rFire  x . .     SeeInvis .     e - +2,+1 whip
rCold  + . .     Clarity  .     a - +0 robe
rNeg   + + +     Conserve .     (no shield)
rPois  +         rCorr    .     b - +0 hat
rElec  .         rRot     +     (no cloak)
SustAb . .       Spirit   .     (no gloves)
rMut   .         Warding  .     (no boots)
Saprov . . .     Stasis   .     (no amulet)
MR     .....                    (no ring)
                                (no ring)

@: about to teleport, very slightly contaminated, not resistant to hostile
enchantments, unstealthy
A: no food or potions, fire vulnerability, restore body, cold resistance 1, life
protection 3, poison resistance, torment resistance, unbreathing
a: no special abilities


You were on level 3 of the Dungeon.
You were not hungry.

You visited 1 branch of the dungeon, and saw 3 of its levels.

You collected 100 gold pieces.


Innate Abilities, Weirdness & Mutations

You do not eat or drink.
Your flesh is vulnerable to fire.
Your flesh is cold resistant.
You are immune to negative energy.
Your system is resistant to poisons.
You are immune to unholy pain and torment.
You can survive without breathing.


   Skills:
 - Level 1.5 Dodging
 - Level 1.5 Stealth
 - Level 3.0 Spellcasting
 - Level 2.4 Conjurations
   Level 0.7 Summonings
   Level 0.7 Translocations
 + Level 0.2 Air Magic
 + Level 0.5 Poison Magic


You had 4 spell levels left.
You knew the following spells:

 Your Spells              Type           Power        Failure   Level  Hunger
c - Mephitic Cloud        Conj/Pois/Air  #.......     34%         3    N/A
z - Magic Dart            Conj           ##..         8%          1    N/A

Inventory:

Hand weapons
 e - a +2,+1 whip (weapon)
Armour
 a - a +0 robe (worn)
 b - a +0 hat (worn)
Magical devices
 h - a wand of enslavement (17)
Scrolls
 f - a scroll of remove curse
Jewellery
 g - an uncursed ring of sustain abilities
Books
 c - a book of Minor Magic

   Spells                             Type                      Level
   *Magic Dart                        Conjuration                  1
   Blink                              Translocation                2
   Call Imp                           Summoning                    2
   Repel Missiles                     Charms/Air                   2
   Slow                               Hexes                        2
   Conjure Flame                      Conjuration/Fire             3
   *Mephitic Cloud                    Conjuration/Poison/Air       3

Dungeon Overview and Level Annotations

Branches:
Dungeon (3/15)

Altars:
Xom

Annotations:
D:3 Natasha

▒·▒·▒·▒·▒··▒·▒
▒·▒·▒·▒····▒·▒
▒▒▒·▒·▒·▒·▒▒·▒·
▒············▒
▒·▒·▒·▒▒▒▒▒▒▒▒
▒···▒·····▒
▒▒▒▒▒▒▒▒▒·▒ ▒·▒
▒M▒ ·······5h▒
▒▒▒▒▒▒▒▒▒


You could see Natasha and a crimson imp.


Message History

Natasha claws you.
* * * LOW HITPOINT WARNING * * *
You barely miss Natasha.
Natasha is heavily wounded.
Natasha closely misses you.
You miss Natasha.
Natasha is heavily wounded.
Natasha claws you!
* * * LOW HITPOINT WARNING * * *
Aiming: Magic Dart
Aim: Natasha (heavily wounded)
The magic dart hits Natasha.
Natasha is heavily wounded.
Natasha closely misses you.
Read which item? (? for menu, Esc to quit)
As you read the scroll labeled THRIDE TYENEGG, it crumbles to dust.
You feel strangely unstable.
It was a scroll of teleportation.
Natasha casts a spell.
Read which item? (? for menu, Esc to quit)
As you read the scroll labeled SCHI MOTEZIT, it crumbles to dust.
It is a scroll of recharging.
Charge which item? (? for menu, Esc to quit)
Your short bone wand glows for a moment.
Evoke which item? (* to show all) (? for menu, Esc to quit)
Zapping:
h - a short bone wand {recharged}
Aim: Natasha (heavily wounded) Natasha resists.
h - a wand of enslavement {zapped: 1} Natasha claws you.
You die...

Action                   || total
-------------------------++-------
Melee: Club              ||     6
       Unarmed           ||     2
       Whip              ||     8
 Cast: Magic Dart        ||    93
Evoke: Wand              ||     1
  Use: Scroll            ||     4

Vault maps used:
D:1:      lemuel_arrival_muddy
D:2:      old_standard_altar, first_bread
D:3:      kennysheep_the_goblin_king, uniq_natasha

Notes
Turn   | Place    | Note
--------------------------------------------------------------
     0 | D:1      | ProjectEKO, the Mummy Wizard, began the quest for the Orb.
     0 | D:1      | Reached XP level 1. HP: 13/13 MP: 4/4
    87 | D:1      | Reached skill level 1 in Conjurations
   418 | D:1      | Reached XP level 2. HP: 11/19 MP: 0/6
   796 | D:1      | Reached skill level 2 in Conjurations
  1465 | D:2      | Reached XP level 3. HP: 24/24 MP: 4/7
  1511 | D:2      | Learned a level 3 spell: Mephitic Cloud
  1559 | D:2      | Found a shimmering altar of Xom.
  2134 | D:3      | Noticed Natasha
  2144 | D:3      | HP: 2/24 [Natasha (8)]
  2148 | D:3      | Slain by Natasha

Vanquished Creatures
  3 giant geckos (D:2)
  2 oozes
  4 bats
  2 giant cockroaches (D:1)
  2 goblins
  2 hobgoblins (D:1)
  3 jackals (D:2)
  A giant newt (D:1)
  7 kobolds
  A quokka (D:2)
  7 rats
34 creatures vanquished.
